 Dungeon Crawl Stone Soup version 0.32-a0-898-g7811c86cf0 (webtiles) character file.

Game seed: 12440261190738039520

49 Fodor the Covered (level 3, -12/33 HPs)
             Began as a Minotaur Fighter on Apr 4, 2024.
             Killed by nerve-wracking pain
             ... invoked by an orc priest
              (14 damage)
             ... on level 3 of the Dungeon.
             The game lasted 00:05:24 (1381 turns).

Fodor the Covered (Minotaur Fighter)                Turns: 1381, Time: 00:05:24

Health: -12/33     AC:  8    Str: 22    XL:     3   Next: 53%
Magic:  2/2        EV:  8    Int:  5    God:
Gold:   123        SH:  0    Dex:  9    Spells: 2/2 levels left

rFire   . . .        a - +0 war axe
rCold   . . .        c - +0 buckler
rNeg    . . .        b - +0 scale mail
rPois   .            (helmet restricted)
rElec   .            (no cloak)
rCorr   .            (no gloves)
SInv    .            g - +0 pair of boots
Will    .....        (no amulet) Stlth
                     (no ring)
HPRegen 0.25/turn    (no ring)
MPRegen 0.08/turn

%: no passive effects
@: confused
A: horns 2, retaliatory headbutt
a: Convert to Beogh


You were on level 3 of the Dungeon.
You visited 1 branch of the dungeon, and saw 3 of its levels.

You collected 123 gold pieces.

Inventory:

Hand Weapons
 a - a +0 war axe (weapon)
 e - a +0 sling
Armour
 b - a +0 scale mail (worn)
 c - a +0 buckler (worn)
 g - a +0 pair of boots (worn)
Jewellery
 f - a ring of wizardry
Scrolls
 h - 5 scrolls of identify {unknown}
 i - a scroll of amnesia {unknown}
 o - 3 scrolls of blinking {unknown}
 p - 2 scrolls of teleportation {unknown}
 q - a scroll of fear {unknown}
Potions
 d - a potion of might
 j - 2 potions of enlightenment {unknown}
 k - 2 potions of haste {unknown}
 l - a potion of cancellation {unknown}
 m - 2 potions of heal wounds {unknown}
 n - a potion of brilliance {unknown}


   Skills:
 + Level 4.2 Fighting
 + Level 3.0 Axes
 + Level 4.3 Armour
 + Level 4.1 Shields


You had 2 spell levels left.
You didn't know any spells.
Your spell library contained the following spells:

 Spells                   Type           Power      Damage    Failure   Level
 Magic Dart               Conj           0%         1d3       86%         1
 Blink                    Tloc           0%         N/A       94%         2
 Call Imp                 Summ           0%         N/A       94%         2
 Lesser Beckoning         Tloc           0%         N/A       94%         2
 Momentum Strike          Conj/Tloc      0%         3d8       94%         2


Dungeon Overview and Level Annotations

Branches:
Dungeon (3/15)

Altars:


Innate Abilities, Weirdness & Mutations

You have a pair of horns on your head.
You reflexively headbutt those who attack you in melee.


Message History

You hear some strange, mumbled words.
A magic dart appears from out of thin air!
The magic dart hits you.
You closely miss something. Your headbutt misses something.
You closely miss the orc priest.
The orc priest threatens, "Beogh's wrath is as vast as their mercy.
Make your choice!" Something hits you but does no damage.
The orc priest hits you with a +0 hand axe.
You miss something. You barely miss the orc priest.
You block the orc priest's attack.
You hear some strange, mumbled words.
You are confused.
Something hits you.
The orc priest attacks as it pursues you!
The orc priest barely misses you.
You bump into the rock wall.
Something hits you but does no damage.
The orc priest hits you with a +0 hand axe.
* * * LOW HITPOINT WARNING * * *
You hit the orc priest but do no damage.
Your headbutt misses the orc priest.
The orc priest is heavily wounded.
You closely miss something. Something hits you.
* * * LOW HITPOINT WARNING * * *
The orc priest barely misses you.
You closely miss something. Your headbutt misses something.
You closely miss the orc priest.
The orc priest hits you with a +0 hand axe.
* * * LOW HITPOINT WARNING * * *
You hear some strange, mumbled words.
A puff of flame appears from out of thin air!
The puff of flame hits you but does no damage.
You hear some strange, mumbled words.
You are more confused.
The orc priest hits you but does no damage.
You are too confused!
You bump into the rock wall.
Something hits you.
* * * LOW HITPOINT WARNING * * *
The orc priest calls down the wrath of Beogh upon you.
Pain shoots through your body!
You die...

#.# ## .. #...# #.##
#...# ..[ #...# ## #
.. #...##.+ #..
#.######...#..#+
.....#.#@............
#....[)o{............
#......#.............
.......######...#####
....... #...# ....##.
#.#.# .... #. #)†.#
... #. #####...# #.
.. #.......#


You could see an orc priest.

Vanquished Creatures
  A dart slug (D:1)
  2 ribbon worms
  An orc (D:3)
  6 ball pythons
  An endoplasm (D:1)
  2 giant cockroaches (D:2)
  3 goblins (D:1)
  5 hobgoblins
  6 kobolds
  2 quokkas
  5 bats
  A frilled lizard (D:1)
  3 rats
  A spectral hobgoblin (D:1)
39 creatures vanquished.

Notes
Turn   | Place    | Note
-------+----------+-------------------------------------------
     0 | D:1      | Fodor the Minotaur Fighter began the quest for the Orb.
     0 | D:1      | Reached XP level 1. HP: 19/19 MP: 0/0
    93 | D:1      | Reached XP level 2. HP: 26/27 MP: 1/1
   468 | D:1      | Found a faded altar of an unknown god.
   838 | D:2      | Reached XP level 3. HP: 33/33 MP: 2/2
  1381 | D:3      | Killed from afar by an orc priest

Illustrated notes

Levels and vault maps discovered:
D:1:      matt_arrival_diagonals, layout_loops_cross,
          dreamdust_ecumenical_altar_drowned_temple
D:2:      minmay_chambers_of_ones, layout_basic, chequers_mini_garden
D:3:      layout_loops_cross, serial_shops, nicolae_shop_drivethru,
          nicolae_shop_behind_doors, shop, nicolae_shop_mannequins,
          amcnicky_mini_corridor_feature, minmay_misc_feat_cross,
          serial_bayou_pond_a

Skill      XL: |  1  2  3 |
---------------+----------+-----
Armour         | 4 |  4.3
Fighting       | 4 |  4.2
Shields        | 4 |  4.1
Axes           | 3 |  3.0

Action                     || total
---------------------------++-------
  Melee: War axe           ||    72
         Headbutt          ||     3
 Armour: Scale mail        ||    83
  Dodge: Dodged            ||    38
  Block: Buckler           ||    14

Table legend: (Time is in decaauts)
 A = Elapsed time spent in this place.
 B = Non-inter-level travel time spent in this place.
 C = Inter-level travel time spent in this place.
 D = Time resting spent in this place.
 E = Time spent auto-exploring this place.
 F = Levels seen in this place.
 G = Mean time per level.
                   A        B        C        D        E       F      G
               +--------+--------+--------+--------+--------+-----+--------+
         Total |   1414 |   1385 |     29 |      0 |    994 |   3 |  471.3 |
       Dungeon |   1414 |   1385 |     29 |      0 |    994 |   3 |  471.3 |
               +--------+--------+--------+--------+--------+-----+--------+

Top non-repeatable levels by time:
     D:1: 694 daAuts
     D:2: 660 daAuts
     D:3: 60 daAuts
